 Dungeon Crawl Stone Soup version 0.29.1-15-g9cfb28693d (webtiles) character file.

Game seed: 16495360081103787918

4 Boyz1338 the Stinger (level 1, -1/11 HPs)
             Began as an Octopode Venom Mage on Mar 6, 2023.
             Slain by a rat (2 damage)
             ... on level 1 of the Dungeon.
             The game lasted 00:04:07 (219 turns).

Boyz1338 the Stinger (Octopode Venom Mage)           Turns: 219, Time: 00:04:08

Health: -1/11      AC:  1    Str:  4 (7)  XL:     1   Next: 70%
Magic:  3/3        EV: 13    Int: 15 (17) God:
Gold:   17         SH:  0    Dex: 11 (12) Spells: 3/4 levels left

rFire   + . .      SeeInvis .   (no weapon)
rCold   + . .      Faith    .   (no shield)
rNeg    . . .      Spirit   .   (helmet restricted)
rPois   +          Reflect  .   (no amulet)
rElec   +          Harm     .   (no ring)
rCorr   +          Rampage  .   (no ring)
Will    .....                   (no ring)
Stlth   +++.......              (no ring)
HPRegen 0.03/turn               (no ring)
MPRegen 0.08/turn               (no ring)
                                (no ring)
                                (no ring)

@: resistant
A: almost no armour, amphibious, 8 rings, camouflage 1, gelatinous body 1,
(nimble swimmer 1), tentacles
a: no special abilities


You were on level 1 of the Dungeon.
You visited 1 branch of the dungeon, and saw 1 of its levels.

You collected 17 gold pieces.

Inventory:

Scrolls
 d - a scroll of butterflies {unknown}
Potions
 a - a potion of magic


   Skills:
 + Level 2.0 Dodging
 + Level 2.8 Stealth
 + Level 2.0 Spellcasting
 + Level 1.0 Transmutations
 + Level 4.0 Poison Magic


You had 3 spell levels left.
You knew the following spells:

 Your Spells              Type           Power      Damage    Failure   Level
a - Sting                 Tmut/Pois      36%        1d4       8%          1

Your spell library contained the following spells:

 Spells                   Type           Power      Damage    Failure   Level
 Poisonous Vapours        Pois/Air       14%        N/A       14%         2
 Mephitic Cloud           Conj/Pois/Air  5%         N/A       36%         3
 Olgreb's Toxic Radiance  Pois           13%        N/A       38%         4


Dungeon Overview and Level Annotations

Branches:
Dungeon (1/15)

Altars:


Innate Abilities, Weirdness & Mutations

You cannot wear most types of armour.
You are amphibious.
You can wear up to eight rings at the same time.
Your skin changes colour to match your surroundings (Stealth+).
Your rubbery body absorbs attacks. (AC +1, EV +1)
((You are camouflaged when in or above water. (Stealth+)))
You have tentacles for arms and can constrict up to eight enemies at once.


Message History

You drop a green potion.
Okay, then.
Sorry, you're not good enough to have a special ability.
Okay, then.
Okay, then.
You see here a green potion.
You see here a green potion.
You see here a green potion.
You see here a green potion.
You see here a green potion.
Unknown command.
You see here a green potion.
Unknown command.
Press: ? - help, v - describe, . - travel The floor.
Casting: Sting (safe; 7% risk of failure)
Confirm with . or Enter, or press ? or * to list all spells.
You can't see any susceptible monsters within range! (Use Z to cast anyway.) Unknown command.
You see here a green potion.
c - a green potion Sorry, you're not good enough to have a special ability.
Okay, then.
Okay, then.
It was a potion of resistance.
You feel protected.
Okay, then.
Sorry, you're not good enough to have a special ability.
Okay, then.
It was a potion of degeneration.
There was something very wrong with that liquid.
You feel weakened.
You feel dopey.
You feel clumsy.
You see here 7 stones.
The rat bites you.
* * * LOW HITPOINT WARNING * * *
Found a stone staircase leading down.
The rat closely misses you. The rat misses you. The rat misses you.
The rat bites you.
You die...

##.......#.<.# .....#
##......##########.....##
#.......................
#.............#.#..#......
...#..............†...#
..................#..##
.#.#................###.
.....##.........(.......
.#.#. #.......@....###.. .
..#.......r...# #
#.............#
.!.......^........
..#S.......####....
..........# ##..
.#.#......# . .........#
.#.#.>..#


You could see a ball python (asleep) and a rat.

Vanquished Creatures
  3 ball pythons (D:1)
  A kobold (D:1)
  2 rats (D:1)
6 creatures vanquished.

Notes
Turn   | Place    | Note
-------+----------+-------------------------------------------
     0 | D:1      | Boyz1338 the Octopode Venom Mage began the quest for the
                  | Orb.
     0 | D:1      | Reached XP level 1. HP: 11/11 MP: 3/3
   168 | D:1      | Reached skill level 4 in Poison Magic
   219 | D:1      | Slain by a rat

Illustrated notes

Levels and vault maps discovered:
D:1:      minmay_arrival_plants_in_alcoves, layout_rooms,
          shapermc_ecumenical_altar_mp_vishouse, hangedman_decor_riveting

Skill      XL: |  1 |
---------------+----+-----
Poison Magic   | 4 |  4.0
Dodging        | |  2.0
Stealth        | |  2.8
Spellcasting   | |  2.0
Transmutations | |  1.0

Action                   || total
-------------------------++-------
Melee: Unarmed           ||    14
       Constrict         ||     6
       Tentacles         ||     5
  Use: Potion            ||     2
 Stab: Sleeping          ||     4
Dodge: Dodged            ||     9
